 Dungeon Crawl Stone Soup version 0.26-a0-663-g36e8fdb655 (webtiles) character file.

Game seed: 12719183374941316933

513296 ringo67 the Slayer (level 25, -5/299 HPs)
             Began as an Ogre Fighter on Oct 11, 2020.
             Was the Champion of Ru.
             Slain by an ettin
             ... wielding a +0 dire flail
              (37 damage)
             ... on level 5 of the Vaults on Oct 13, 2020.
             The game lasted 04:03:59 (96917 turns).

ringo67 the Slayer (Ogre Fighter)                  Turns: 96917, Time: 04:04:00

Health: -5/299     AC: 10    Str: 36    XL:     25   Next: 61%
Magic:  17/30      EV: 19    Int: 19    God:    Ru [******]
Gold:   3065       SH:  5    Dex: 15    Spells: 5/39 levels left

rFire    x . .     SeeInvis .   z - +9 giant spiked club (elec)
rCold    x . .     Faith    .   (shield currently unavailable)
rNeg     . . .     Spirit   .   D - +4 robe of Augmentation {Str+4 Int+4 Dex+4}
rPois    +         Reflect  +   c - +1 hat of Protective Custody {Int+5 Stlth-}
rElec    .         Harm     .   A - +1 cloak {MR+}
rCorr    +         Rampage  .   (gloves unavailable)
MR       ++++.                  (boots unavailable)
Stlth    ..........             u - amulet of reflection
HPRegen  0.59/turn              U - ring "Silagg" {+Fly rPois MR+ Dex+3}
MPRegen  0.22/turn              G - ring of resist corrosion

@: exhausted, very slightly contaminated, drained
A: large, unfitting armour, dopey 1, low mp 1, tough skin 1, no stealth,
inability to use devices, hated by all, temperature sensitive
}: 2/15 runes: decaying, gossamer
a: Draw Out Power, Power Leap, Apocalypse, Renounce Religion


You were on level 5 of the Vaults.
You worshipped Ru.
Ru was exalted by your worship.
You visited 9 branches of the dungeon, and saw 45 of its levels.
You visited 1 bazaar.
You also visited: Trove, Ossuary, Bailey, Gauntlet and Ice Cave.

You collected 6578 gold pieces.
You spent 3513 gold pieces at shops.

Inventory:

Hand Weapons
 x - the +8 dagger of Oenomania {vorpal, MR+}
   (You found it on level 4 of the Dungeon)

   It inflicts extra damage upon your enemies.
   It affects your resistance to hostile enchantments.
 z - a +9 giant spiked club of electrocution (weapon)
 Z - the +1 giant spiked club "Joptenom" {vorpal, rC+}
   (You found it on level 2 of the Swamp)

   It inflicts extra damage upon your enemies.
   It protects you from cold.
Missiles
 e - 107 large rocks (quivered)
 i - 149 poisoned darts
 y - 4 curare-tipped darts
Armour
 c - the +1 hat of Protective Custody (worn) {Int+5 Stlth-}
   (You found it in a treasure trove)

   It affects your intelligence (+5).
   It makes you less stealthy.
 m - a +2 robe of the Archmagi
 n - the +3 robe of Folly {Archmagi, MR-- Int+5}
   (You found it in a treasure trove)

   It affects your intelligence (+5).
   It affects your resistance to hostile enchantments.
 A - a +1 cloak of magic resistance (worn)
 D - the +4 robe of Augmentation (worn) {Str+4 Int+4 Dex+4}
   (You found it on level 1 of the Depths)

   It affects your strength (+4).
   It affects your intelligence (+4).
   It affects your dexterity (+4).
 W - a +2 cloak
Jewellery
 a - a +4 ring of evasion
 b - an uncursed ring of protection from fire
 k - a +4 ring of protection
 u - an amulet of reflection (around neck)
 v - the ring "Hucvor" {Wiz rElec Int+4}
   (You took it off a deep elf elementalist on level 3 of the Elven Halls)

   [ring of wizardry]

   It improves your spell success rate.
   It affects your intelligence (+4).
   It insulates you from electricity.
 F - an uncursed ring of protection from magic
 G - a ring of resist corrosion (right hand)
 O - an uncursed amulet of magic regeneration
 U - the ring "Silagg" (left hand) {+Fly rPois MR+ Dex+3}
   (You bought it in a shop on level 2 of the Orcish Mines)

   [ring of poison resistance]

   It affects your dexterity (+3).
   It protects you from poison.
   It affects your resistance to hostile enchantments.
   It lets you fly.
Scrolls
 f - 15 scrolls of remove curse
 g - 7 scrolls of immolation
 o - 7 scrolls of magic mapping
 r - 16 scrolls of identify
 t - 18 scrolls of teleportation
 w - 3 scrolls of fog
 C - 4 scrolls of enchant armour
 E - 3 scrolls of blinking
 M - 12 scrolls of amnesia
 N - 5 scrolls of fear
 Q - a scroll of holy word
Potions
 d - 3 potions of might
 h - 5 potions of invisibility
 j - 10 potions of heal wounds
 l - 8 potions of haste
 p - 7 potions of ambrosia
 q - 25 potions of curing
 s - 4 potions of resistance
 B - 11 potions of stabbing
 H - 3 potions of flight
 I - 5 potions of magic
 J - 8 potions of brilliance
 L - 5 potions of berserk rage
 P - 2 potions of cancellation
 R - 12 potions of mutation
 S - 5 potions of lignification


   Skills:
 + Level 25.9(24.1) Fighting
 - Level 22.0(20.2) Maces & Flails
 - Level 6.8(5.5) Throwing
 + Level 16.2(14.7) Dodging
   Level 2.6(1.6) Shields
 - Level 7.5(6.2) Spellcasting
 - Level 3.0(1.9) Necromancy
 - Level 2.0(0.9) Translocations
 - Level 14.0(12.5) Transmutations
 + Level 14.2(12.7) Earth Magic


You had 5 spell levels left.
You knew the following spells:

 Your Spells              Type           Power        Failure   Level
a - Yara's Violent Unrav  Hex/Tmut       ####......   24%         5
b - Statue Form           Tmut/Erth      ######...    10%         6
c - Dragon Form           Tmut           ######....   47%         7
d - Blink                 Tloc           N/A          12%         2
e - Borgnjor's Vile Clut  Necr/Erth      ####......   16%         5
f - Shatter               Erth           ######....   100%        9

Your spell library contained the following spells:

 Spells                   Type           Power        Failure   Level
 Beastly Appendage        Tmut           ######       1%          1
 Sandblast                Erth           ######       1%          1
 Sting                    Tmut/Pois      ####         1%          1
 Passwall                 Tmut/Erth      ######..     1%          2
 Wereblood                Tmut           ######..     1%          2
 Petrify                  Tmut/Erth      ######..     1%          4
 Blade Hands              Tmut           ######....   1%          5
 Lee's Rapid Deconstruct  Erth           ######....   1%          5
 Spider Form              Tmut/Pois      ####......   2%          3
 Stone Arrow              Conj/Erth      ####..       2%          3
 Pain                     Necr           ##..         4%          1
 Ignite Poison            Fire/Tmut/Pois ###.....     6%          3
 Apportation              Tloc           #.....       8%          1
 Sublimation of Blood     Necr           ##........   8%          2
 Leda's Liquefaction      Hex/Erth       ####......   8%          4
 Ice Form                 Ice/Tmut       ####....     9%          4
 Corona                   Hex            #......      11%         1
 Foxfire                  Conj/Fire      #...         11%         1
 Freeze                   Ice            #...         11%         1
 Vampiric Draining        Necr           ##........   16%         3
 Ensorcelled Hibernation  Hex/Ice        #.....       17%         2
 Poisonous Vapours        Pois/Air       #.....       17%         2
 Gell's Gravitas          Tloc           #.........   22%         3
 Lesser Beckoning         Tloc           #.........   22%         3
 Teleport Other           Tloc           #.......     22%         3
 Alistair's Intoxication  Tmut/Pois      ####.....    24%         5
 Irradiate                Conj/Tmut      ####......   24%         5
 Portal Projectile        Hex/Tloc       #.....       26%         3
 Confusing Touch          Hex            #.......     32%         3
 Conjure Flame            Conj/Fire      #.......     32%         3
 Dazzling Flash           Conj/Hex       #.....       32%         3
 Frozen Ramparts          Ice            #.....       32%         3
 Inner Flame              Hex/Fire       #.......     32%         3
 Mephitic Cloud           Conj/Pois/Air  #.......     32%         3
 Ozocubu's Armour         Ice            #.......     32%         3
 Bolt of Magma            Conj/Fire/Erth ###.......   47%         5
 Passage of Golubria      Tloc           N/A          58%         4
 Cause Fear               Hex            #.........   73%         4
 Hailstorm                Conj/Ice       #.......     73%         4
 Olgreb's Toxic Radiance  Pois           #.......     73%         4
 Sticky Flame             Conj/Fire      #.......     73%         4
 Agony                    Necr           ##......     80%         5
 Fireball                 Conj/Fire      #.........   97%         5
 Metabolic Englaciation   Hex/Ice        #.........   97%         5
 Iron Shot                Conj/Erth      ####......   77%         6
 Eringya's Noxious Bog    Tmut/Pois      ####......   78%         6
 Dispersal                Tloc           #.........   100%        6
 Freezing Cloud           Conj/Ice/Air   #.........   100%        6
 Disjunction              Tloc           #.........   100%        8
 Animate Skeleton         Necr           Unusable     N/A         1
 Summon Small Mammal      Summ           Unusable     N/A         1
 Call Imp                 Summ           Unusable     N/A         2
 Call Canine Familiar     Summ           Unusable     N/A         3
 Summon Guardian Golem    Hex/Summ       Unusable     N/A         3
 Tukima's Dance           Hex            Unusable     N/A         3
 Animate Dead             Necr           Unusable     N/A         4
 Summon Ice Beast         Ice/Summ       Unusable     N/A         4
 Summon Lightning Spire   Summ/Air       Unusable     N/A         4
 Summon Forest            Summ/Tloc      Unusable     N/A         5
 Malign Gateway           Summ/Tloc      Unusable     N/A         7
 Monstrous Menagerie      Summ           Unusable     N/A         7
 Summon Greater Demon     Summ           Unusable     N/A         7
 Summon Horrible Things   Summ           Unusable     N/A         8
 Dragon's Call            Summ           Unusable     N/A         9

Dungeon Overview and Level Annotations

Branches:
Dungeon (15/15)            Temple (1/1) D:5            Lair (6/6) D:10
  Swamp (4/4) Lair:3       Spider (4/4) Lair:3        Slime (0/5) Lair:6
    Orc (2/2) D:10            Elf (3/3) Orc:2        Vaults (5/5) D:14
  Crypt (0/3) Vaults:3     Depths (5/5) D:15            Zot (0/5) Depths:5
Ossuary (visited)          Bailey (visited)           IceCv (visited)
Gauntlet (visited)

Altars:
Ashenzari
Cheibriados
Dithmenos
Fedhas
Gozag
Makhleb
Okawaru
Qazlal
Ru
Trog
Wu Jian
The Shining One

Shops:
D:4 :   D:7 [   D:10 (   D:13 =   Orc:2 ([*:   Elf:3 =[*   Vaults:1 }
Vaults:2 }   Depths:1 [   Depths:2 !

Portals:
Hell: Depths:1 Depths:2 Depths:3 Depths:4 Depths:5
Abyss: Depths:1 Depths:4
Pandemonium: Depths:3 Depths:4
Ziggurat: Depths:3

Annotations:
D:3 2 transporters, Mrcawl's ghost, amateur DrGl
D:10 2 runed translucent doors, jejorda2's ghost, journeyman MiBe
Lair:4 exclusion: door


Innate Abilities, Weirdness & Mutations

You are too large for most types of armour.
Your magical capacity is low. (-10% MP)
You have tough skin. (AC +1)
You cannot be stealthy.
You cannot study or use magical devices.
You are hated by all.
You are sensitive to extremes of temperature. (rF-, rC-)
You are dopey. (Int -2)


Message History

Items here: $ ( )))) ? [[ †††.
You're too exhausted to unleash your apocalyptic power.
Press: ? - help, Dir - move target cursor
As you read the scroll of blinking, it crumbles to dust.
An ettin comes into view. It is wielding two +0 dire flails.
The ettin shouts in stereo!
The ettin hits you with a +0 dire flail!!
* * * LOW HITPOINT WARNING * * *
The ettin hits you with a +0 dire flail!!
* * * LOW HITPOINT WARNING * * *
You feel much better.
Casting: Statue Form (mildly dangerous; 10% risk of failure)
Confirm with . or Enter, or press ? or * to list all spells.
You miscast Statue Form.
You are very lightly contaminated with residual magic.
You feel a surge of energy from the ground.
The ettin hits you with a +0 dire flail!!
* * * LOW HITPOINT WARNING * * *
The ettin hits you with a +0 dire flail!!!
You die...

##..## #..#.^..#.#
!?# ##..##
#..#....#.. ##
##..## #..#....#..?
###..##
###...#....#..?#
##...## ##...###
...# ##..###
##..###.# ..#
##..##. ##..##.)[#
...##..###..##.C..#
.###..##...##..#@/#
##...##..###..##..#
#..###..##...##(.##
..##...##..###..##
)##..###..##().##
.#..##...##(p###
)(.##..###))##
..##..##.cp##
.....##..(.p.W#


You could see an ettin and 2 hell knights.

Vanquished Creatures
  An ancient lich (Vaults:5)
  Sojobo (Vaults:4)
  Boris (thrice) (Vaults:2 Depths:4)
  Xtahua (Vaults:2)
  4 caustic shrikes
  2 golden dragons
  A bone dragon (Depths:5)
  4 liches
  Jorgrun (Swamp:1)
  2 quicksilver dragons
  2 tentacled monstrosities
  3 deep elf blademasters
  3 titans
  11 sphinxes
  2 deep elf master archers (Elf:3)
  Agnes (Spider:1)
  Gastronok (Lair:2)
  2 thorn hunters
  4 shadow dragons
  10 tengu reavers
  A draconian monk (Depths:5)
  A storm dragon (Depths:4)
  5 fire giants
  2 iron dragons
  Donald (Vaults:4)
  The ghost of jasper the Earth Mage, a journeyman FoEE of Vehumet (Orc:2)
  3 deep elf sorcerers
  10 frost giants
  5 ghost moths
  A frost giant (shapeshifter) (Vaults:3)
  A cacodemon (Depths:3)
  10 vault wardens
  An orc warlord (Orc:2)
  A balrug (Depths:1)
  A ghoul (Vaults:3)
  3 deep elf elementalists (Elf:3)
  6 emperor scorpions
  Louise (Depths:1)
  A draconian shifter (Depths:5)
  9 ironheart preservers
  15 very ugly things
  A vampire knight (Vaults:3)
  22 stone giants
  4 entropy weavers
  A war gargoyle (Vaults:5)
  2 yellow draconians (Depths:5)
  7 spark wasps
  5 deep elf demonologists
  2 white draconians (Depths:5)
  A black draconian (Depths:5)
  3 deep elf annihilators
  A purple draconian (Depths:5)
  A red draconian (Depths:5)
  8 deep elf death magi
  Josephine (Orc:1)
  Snorg (Lair:3)
  A merfolk impaler (Depths:2)
  15 ettins
  A green death (Depths:3)
  9 fire dragons
  6 great orbs of eyes
  4 deep elf high priests
  16 yaktaur captains
  10 ogre magi
  2 rakshasas
  30 vault guards
  26 hydras
  2 ghost crabs
  Harold (Orc:1)
  8 centaur warriors
  3 shambling mangroves
  7 ice dragons
  7 boulder beetles
  8 spriggan air magi
  2 death knights
  2 catoblepae (Depths:3)
  26 dancing weapons
  44 two-headed ogres
  17 alligators
  A deep troll shaman (Vaults:3)
  A death yak (shapeshifter) (Vaults:4)
  A death yak (Lair:3)
  8 tengu warriors
  A vampire mage (Depths:1)
  5 orc high priests
  3 spriggan berserkers
  2 deep troll earth magi
  24 deep elf knights
  2 sun demons (Depths:1)
  21 hell knights
  A sixfirhy (Depths:3)
  11 skeletal warriors
  5 flayed ghosts
  A death drake (shapeshifter) (Elf:2)
  An unseen horror (D:15)
  4 wizards
  12 deep trolls
  14 swamp dragons
  A glowing orange brain (Vaults:2)
  A harpy (shapeshifter) (Vaults:5)
  4 harpies (Vaults:1)
  17 deep elf archers
  2 lindwurms (Swamp:4)
  15 orc knights
  10 ironbrand convokers
  5 spriggan druids
  4 necromancers
  2 lindwurms (shapeshifter) (Elf:3)
  A mana viper (shapeshifter) (Vaults:3)
  55 deep elf magi
  6 orc sorcerers
  5 phantasmal warriors
  15 orb spiders
  5 salamanders
  A fire giant zombie (D:15)
  24 wolf spiders
  A moth of wrath (Spider:2)
  A moth of wrath (shapeshifter) (Vaults:1)
  23 ugly things
  7 manticores
  9 cyclopes
  14 vault sentinels
  3 black mambas
  5 elephants
  A cane toad (shapeshifter) (Vaults:3)
  A rust devil (Depths:3)
  Maurice (Orc:2)
  2 orange demons (Depths:3)
  A torpor snail (Spider:2)
  28 cane toads
  Maggie (Lair:1)
  3 gargoyles
  A small abomination (Elf:1)
  A hellion (Depths:3)
  2 kobold demonologists
  2 freezing wraiths
  4 komodo dragons
  A komodo dragon (shapeshifter) (Elf:2)
  14 demonic crawlers
  44 yaktaurs
  An ice devil (Depths:3)
  A hellwing (Depths:3)
  A guardian mummy (D:15)
  A redback zombie (D:15)
  A red devil (Depths:3)
  7 trolls
  27 jumping spiders
  11 polar bears
  14 tyrant leeches
  A jumping spider (shapeshifter) (Depths:1)
  34 hornets
  A queen bee (shapeshifter) (Elf:1)
  Prince Ribbit (Lair:1)
  4 bog bodies
  A tengu simulacrum (Vaults:3)
  An ice dragon zombie (D:15)
  A stone giant simulacrum (Vaults:2)
  32 blink frogs
  A raiju (shapeshifter) (D:14)
  16 slime creatures
  A fire giant simulacrum (Vaults:3)
  75 redbacks
  3 shadows
  An ettin zombie (Vaults:2)
  A fire dragon skeleton (D:15)
  3 air elementals (Elf:1)
  18 spriggans
  25 tarantellas
  5 wyverns
  9 wraiths
  50 yaks
  An ettin skeleton (Vaults:2)
  19 water elementals
  A hog (shapeshifter) (Depths:4)
  Grum (D:6)
  4 fire bats
  2 fire elementals
  A human (shapeshifter) (Vaults:3)
  6 basilisks
  A neqoxec (Depths:3)
  24 vampire mosquitoes
  A steam dragon (D:14)
  Menkaure (D:7)
  14 swamp worms
  12 insubstantial wisps
  2 soldier ants
  6 wargs
  3 acid dragons
  A floating eye (shapeshifter) (Vaults:1)
  5 hell hounds (Depths:2)
  A floating eye (Depths:3)
  12 water moccasins
  11 swamp drakes
  3 ice beasts
  2 necrophages
  62 orc warriors
  7 black bears
  A black bear (shapeshifter) (D:14)
  2 eyes of draining
  4 sky beasts
  20 boggarts
  An eye of draining (shapeshifter) (Depths:1)
  2 phantoms (D:8)
  28 centaurs
  30 ogres
  20 wolves
  A human skeleton (Vaults:2)
  5 big kobolds
  A human zombie (Vaults:2)
  33 bullfrogs
  2 wyvern zombies
  4 gnoll sergeants
  A yaktaur skeleton (D:15)
  13 earth elementals
  A water moccasin zombie (D:10)
  6 scorpions
  A human simulacrum (Vaults:1)
  7 killer bees
  18 wights
  4 howler monkeys
  13 electric eels
  A crimson imp (Depths:3)
  3 centaur zombies
  7 jellies
  2 quasits
  2 bullfrog zombies
  21 hounds
  Crazy Yiuf (D:2)
  3 centaur skeletons
  2 gnoll shamans (D:6)
  36 orc priests
  A bullfrog skeleton (D:11)
  Jessica (D:2)
  Natasha (thrice) (D:4)
  3 iguanas
  53 orc wizards
  7 worker ants
  A hound zombie (D:10)
  2 hound skeletons (D:7)
  5 mummies
  3 worker ant zombies
  51 gnolls
  9 adders
  2 shadow imps
  4 white imps
  2 oozes (Lair:6)
  An adder zombie (D:5)
  2 adder skeletons
  3 worms
  2 dart slugs (D:1)
  6 leopard geckos
  137 orcs
  5 giant cockroaches
  3 gnoll zombies (Ossuary)
  9 goblins
  13 hobgoblins
  19 jackals
  34 kobolds
  2 quokkas
  A ball python skeleton (D:5)
  6 bats
  5 frilled lizards
  2 gnoll skeletons (Ossuary)
  4 goblin skeletons (Ossuary)
  5 goblin zombies (Ossuary)
  3 hobgoblin skeletons (Ossuary)
  7 hobgoblin zombies (Ossuary)
  A jackal skeleton (D:7)
  A jackal zombie (D:5)
  5 kobold skeletons (Ossuary)
  2 kobold zombies (Ossuary)
  5 orc skeletons (Ossuary)
  An orc zombie (Ossuary)
  2 quokka zombies
  7 rats
  6 rat skeletons (Ossuary)
  6 rat zombies (Ossuary)
  2 briar patches (Swamp:4)
2207 creatures vanquished.

Vanquished Creatures (others)
  A frost giant (Depths:3)
  A stone giant (Depths:3)
  A red draconian (Depths:5)
  2 ettins
  A great orb of eyes (Vaults:3)
  A vault guard (Vaults:5)
  A spriggan air mage (Depths:3)
  5 hydras
  A dancing weapon (Elf:2)
  An alligator (Swamp:2)
  2 deep elf knights
  A lindwurm (Swamp:4)
  A deep elf archer (Elf:2)
  A wizard (D:8)
  A slime creature (Vaults:1)
  An elephant (Lair:2)
  2 cane toads
  A komodo dragon (Lair:5)
  A yaktaur (Vaults:3)
  A blink frog (Lair:5)
  A hornet (Spider:4)
  4 redbacks
  A tarantella (Spider:3)
  A water elemental (Depths:2)
  A swamp worm (Swamp:3)
  A floating eye (shapeshifter) (Elf:1)
  An ogre (Vaults:4)
  A wolf (Lair:3)
  A boggart (Depths:3)
  A centaur (D:13)
  A bullfrog (Lair:1)
  A wight (D:8)
  A gnoll (D:9)
  10 orcs
  A jackal (D:6)
  A goblin zombie (Ossuary)
  2 kobolds
  3 briar patches (Swamp:2)
  2 bushes
  127 fungi
  223 plants
  9 withered plants (D:15)
421 creatures vanquished.

Grand Total: 2628 creatures vanquished

Notes
Turn   | Place    | Note
-------+----------+-------------------------------------------
     0 | D:1      | ringo67 the Ogre Fighter began the quest for the Orb.
     0 | D:1      | Reached XP level 1. HP: 24/24 MP: 1/1
   125 | D:1      | Reached XP level 2. HP: 27/32 MP: 2/2
   454 | D:1      | Reached XP level 3. HP: 38/40 MP: 3/3
  1011 | D:2      | Noticed Jessica
  1024 | D:2      | Killed Jessica
  1024 | D:2      | Reached skill level 5 in Fighting
  1024 | D:2      | Reached XP level 4. HP: 34/50 MP: 4/4
  1281 | D:2      | Found a runed translucent door.
  1282 | D:2      | Noticed Crazy Yiuf
  1315 | D:2      | Found a shadowy altar of Dithmenos.
  2092 | D:2      | Killed Crazy Yiuf
  2178 | D:3      | Found an opulent altar of Gozag.
  2276 | D:3      | Reached XP level 5. HP: 57/57 MP: 5/5
  2384 | D:3      | Noticed Mrcawl's ghost (amateur DrGl)
  2391 | D:3      | Found a transporter.
  2401 | D:3      | Found a transporter.
  2466 | D:3      | Found a snail-covered altar of Cheibriados.
  2468 | D:3      | Found a broken altar of Ashenzari.
  2827 | D:3      | Noticed a centaur
  2839 | D:3      | Killed a centaur
  2839 | D:3      | Reached skill level 6 in Fighting
  3133 | D:3      | Reached XP level 6. HP: 67/67 MP: 6/6
  3771 | D:4      | Got a pitted dagger
  3772 | D:4      | Identified the +8 dagger of Oenomania {vorpal, MR+} (You
                  | found it on level 4 of the Dungeon)
  3837 | D:4      | Noticed Natasha
  3846 | D:4      | Killed Natasha
  3856 | D:4      | Noticed Natasha
  3862 | D:4      | Killed Natasha
  3862 | D:4      | Reached skill level 7 in Fighting
  3974 | D:4      | Reached XP level 7. HP: 71/78 MP: 7/7
  4120 | D:4      | Found Pegoif's Book Boutique.
  4135 | D:4      | Noticed Natasha
  4140 | D:4      | Killed Natasha
  4178 | D:4      | Found a glowing golden altar of the Shining One.
  4664 | D:5      | Entered Level 5 of the Dungeon
  4905 | D:5      | Found a stormy altar of Qazlal.
  4931 | D:5      | Found a staircase to the Ecumenical Temple.
  4942 | Temple   | Entered the Ecumenical Temple
  4954 | Temple   | Became a worshipper of Ru the Awakened
  5116 | D:5      | Reached skill level 8 in Fighting
  5116 | D:5      | Reached skill level 5 in Maces & Flails
  5704 | D:5      | Reached XP level 8. HP: 89/89 MP: 8/8
  6840 | D:6      | Reached skill level 9 in Fighting
  7311 | D:6      | Gained mutation: You are sensitive to extremes of
                  | temperature. (rF-, rC-) [Ru sacrifice]
  7311 | D:6      | Reached * piety under Ru
  7311 | D:6      | Reached ** piety under Ru
  7364 | D:6      | Reached skill level 5 in Dodging
  8102 | D:6      | Reached skill level 10 in Fighting
  8143 | D:6      | Reached XP level 9. HP: 70/101 MP: 9/9
  8841 | D:6      | Noticed Grum
  8847 | D:6      | Killed Grum
  9821 | D:6      | Found an opulent altar of Gozag.
  9856 | D:6      | Reached skill level 11 in Fighting
 10483 | D:7      | Found a sand-covered staircase.
 10493 | Ossuary  | Entered an ossuary
 10808 | Ossuary  | Gained mutation: You are hated by all. [Ru sacrifice]
 10808 | Ossuary  | Reached *** piety under Ru
 10808 | Ossuary  | Reached **** piety under Ru
 10933 | D:7      | Found Docinec's Antique Armour Boutique.
 12101 | D:7      | Reached XP level 10. HP: 115/115 MP: 10/10
 12173 | D:7      | Noticed Menkaure
 12183 | D:7      | Killed Menkaure
 12265 | D:8      | Reached skill level 12 in Fighting
 12556 | D:8      | Learned a level 5 spell: Yara's Violent Unravelling
 12715 | D:8      | Noticed a gargoyle
 12726 | D:8      | Killed a gargoyle
 13404 | D:8      | Found a bloodstained altar of Trog.
 13407 | D:8      | Noticed a wizard
 13412 | D:8      | Killed a wizard
 13576 | D:8      | Gained mutation: You cannot study or use magical devices.
                  | [Ru sacrifice]
 13576 | D:8      | Reached ***** piety under Ru
 14155 | D:9      | Got a bloodstained war axe
 14156 | D:9      | Identified the cursed +1 war axe of Greed {vorpal, +Fly
                  | rElec Dex-3} (You found it on level 9 of the Dungeon)
 14243 | D:9      | Reached skill level 13 in Fighting
 14321 | D:9      | Found an ornate altar of the Wu Jian Council.
 14506 | D:9      | Noticed a two-headed ogre
 14528 | D:9      | Killed a two-headed ogre
 15042 | D:9      | Reached XP level 11. HP: 124/127 MP: 11/11
 17203 | D:10     | Entered Level 10 of the Dungeon
 17266 | D:10     | Noticed a green ugly thing
 17290 | D:10     | Killed a green ugly thing
 17350 | D:10     | Reached skill level 10 in Maces & Flails
 17362 | D:10     | Reached skill level 14 in Fighting
 17968 | D:10     | Found a staircase to the Lair.
 18371 | D:10     | Gained mutation: You cannot be stealthy. [Ru sacrifice]
 18878 | D:10     | Found a staircase to the Orcish Mines.
 18987 | D:10     | Found a runed translucent door.
 18991 | D:10     | Found a runed translucent door.
 18991 | D:10     | Noticed a great orb of eyes
 18992 | D:10     | Noticed a skeletal warrior
 18992 | D:10     | Noticed a necromancer
 18992 | D:10     | Noticed a skeletal warrior
 18993 | D:10     | Noticed a lich
 18993 | D:10     | Noticed a tengu reaver
 18995 | D:10     | Noticed jejorda2's ghost (journeyman MiBe)
 19011 | D:10     | Found Nemeelas's Antique Weapon Emporium.
 19336 | D:10     | You fall into a shaft and drop 1 floor!
 19336 | D:11     | Noticed a two-headed ogre
 20101 | D:10     | Identified the Incunabulum of Harmful Clay
 20193 | D:10     | Noticed a two-headed ogre
 20203 | D:10     | Killed a two-headed ogre
 20530 | Lair:1   | Entered Level 1 of the Lair of Beasts
 20558 | Lair:1   | Found a gate leading to a gauntlet.
 20587 | Gauntlet | Entered a Gauntlet
 20587 | Gauntlet | Found a transporter.
 21008 | Gauntlet | Found a transporter.
 21008 | Gauntlet | Found a transporter.
 21009 | Gauntlet | Found a transporter.
 21015 | Gauntlet | Noticed a worldbinder
 21018 | Gauntlet | Found a transporter.
 21020 | Gauntlet | Found a transporter.
 21021 | Gauntlet | Found a transporter.
 21024 | Gauntlet | Noticed an entropy weaver
 21027 | Gauntlet | Noticed a wolf spider
 21029 | Gauntlet | Found a transporter.
 21032 | Gauntlet | Found a transporter.
 21033 | Gauntlet | Found a transporter.
 21036 | Gauntlet | Noticed a reaper
 21044 | Gauntlet | Found a transporter.
 21044 | Gauntlet | Found a transporter.
 21045 | Gauntlet | Found a transporter.
 21051 | Gauntlet | Noticed a dire elephant
 21053 | Gauntlet | Found a transporter.
 21444 | Lair:1   | Noticed Maggie
 21471 | Lair:1   | Killed Maggie
 21471 | Lair:1   | Reached skill level 15 in Fighting
 22356 | Lair:1   | Gained mutation: Your magical capacity is low. (-10% MP)
                  | [Ru sacrifice]
 22356 | Lair:1   | Reached ****** piety under Ru
 22422 | Lair:1   | Reached XP level 12. HP: 44/143 MP: 10/10
 23735 | D:4      | Bought Puof's Almanac of Poisonous Changing for 708 gold
                  | pieces
 23742 | D:4      | Learned a level 6 spell: Statue Form
 23907 | Lair:2   | Noticed a seven-headed hydra
 23925 | Lair:2   | Killed a seven-headed hydra
 23925 | Lair:2   | Reached skill level 1 in Earth Magic
 24090 | Lair:2   | Reached skill level 1 in Transmutations
 24147 | Lair:2   | Noticed a six-headed hydra
 24153 | Lair:2   | Noticed a five-headed hydra
 24428 | Lair:2   | Noticed Prince Ribbit
 24958 | Lair:1   | Killed Prince Ribbit
 25004 | Lair:2   | Noticed a four-headed hydra
 25004 | Lair:2   | Noticed a seven-headed hydra
 25011 | Lair:1   | Killed a five-headed hydra
 25782 | Lair:1   | Killed a four-headed hydra
 26099 | Lair:2   | Noticed Gastronok
 26100 | Lair:2   | Killed a six-headed hydra
 26116 | Lair:2   | Killed Gastronok
 26465 | Lair:1   | Killed a seven-headed hydra
 26996 | Lair:2   | Reached XP level 13. HP: 115/150 MP: 11/11
 27016 | Lair:1   | Reached skill level 5 in Transmutations
 27016 | Lair:1   | Reached skill level 5 in Earth Magic
 28098 | Lair:2   | You fall into a shaft and drop 1 floor!
 30168 | Lair:3   | Found a hole to the Spider Nest.
 30214 | Lair:3   | Noticed Snorg
 30318 | Lair:3   | Killed Snorg
 31297 | Lair:3   | Found a staircase to the Swamp.
 35688 | Lair:6   | Entered Level 6 of the Lair of Beasts
 37248 | Lair:5   | Reached XP level 14. HP: 106/159 MP: 12/12
 38481 | Lair:6   | Found a staircase to the Slime Pits.
 39560 | Lair:6   | Identified the Guide on Poison and Stolen Souls
 39564 | Lair:6   | Identified the Incunabulum of Creation and the Blaze
 39804 | Orc:1    | Entered Level 1 of the Orcish Mines
 39882 | Orc:1    | Noticed Harold
 39903 | Orc:1    | Killed Harold
 39915 | Orc:1    | Found a flagged portal.
 40079 | Bailey   | Entered a bailey
 40524 | Bailey   | Reached XP level 15. HP: 167/167 MP: 13/13
 40593 | Orc:1    | Noticed Josephine
 40609 | Orc:1    | Killed Josephine
 41432 | Orc:2    | Entered Level 2 of the Orcish Mines
 41435 | Orc:2    | Found a frozen archway.
 41447 | IceCv    | Entered an ice cave
 42992 | IceCv    | Identified the +2 great sword of Okuo {venom, Int+3 Dex+2}
                  | (You found it in an ice cave)
 43033 | IceCv    | Noticed a frost giant
 43211 | Orc:2    | Noticed Maurice
 43227 | Orc:2    | Killed Maurice
 43607 | Orc:2    | Found a large runed translucent door.
 43607 | Orc:2    | Found a large runed translucent door.
 43609 | Orc:2    | Noticed jasper's ghost (journeyman FoEE)
 43916 | Orc:2    | Found a staircase to the Elven Halls.
 44165 | Orc:2    | Reached skill level 10 in Earth Magic
 44335 | Orc:2    | Reached skill level 10 in Transmutations
 44340 | Orc:2    | Noticed an orc warlord
 44398 | Orc:2    | Killed an orc warlord
 45546 | Orc:2    | Found Cait's General Store.
 45547 | Orc:2    | Found Obai's Book Boutique.
 45551 | Orc:2    | Found Neriudgh's Antique Armour Boutique.
 45551 | Orc:2    | Found Lofy's Antique Weapon Shop.
 45624 | Orc:2    | Bought the ring "Silagg" {+Fly rPois MR+ Dex+3} for 492
                  | gold pieces
 45624 | Orc:2    | Bought a scroll of enchant armour for 90 gold pieces
 45662 | Orc:2    | Reached XP level 16. HP: 158/176 MP: 14/14
 45791 | Orc:2    | Killed jasper's ghost
 46089 | D:11     | Paralysed by a hornet for 2 turns
 48039 | D:12     | Identified the +2 morningstar of Tenacity {pain, rPois rN+
                  | Int+3} (You found it on level 12 of the Dungeon)
 48294 | D:12     | Reached skill level 15 in Maces & Flails
 48850 | D:13     | Got a scintillating lead ring
 48851 | D:13     | Identified the cursed ring "Qischopom" {+Inv EV-4 Slay+3}
                  | (You found it on level 13 of the Dungeon)
 48869 | D:13     | Found Sucwualiy's Jewellery Shop.
 48880 | D:13     | Bought a +4 ring of protection for 396 gold pieces
 49608 | D:14     | Identified the +7 spear "Biddyczeevyo" {vorpal, rF- rN+++
                  | Dex+4 Stlth+}
 49811 | D:14     | Found a gate to the Vaults.
 50199 | D:14     | Found a glowing golden altar of the Shining One.
 50411 | D:15     | Entered Level 15 of the Dungeon
 51737 | D:15     | Found a staircase to the Depths.
 51753 | D:15     | Reached XP level 17. HP: 159/184 MP: 15/15
 53087 | Swamp:1  | Entered Level 1 of the Swamp
 53324 | Swamp:1  | Noticed Jorgrun
 54134 | Swamp:1  | Killed Jorgrun
 54354 | Swamp:1  | Paralysed by a hornet for 3 turns
 55475 | Swamp:2  | Reached skill level 1 in Spellcasting
 56901 | Swamp:2  | Reached skill level 16 in Fighting
 57097 | Swamp:2  | Identified the cursed +1 giant spiked club "Joptenom"
                  | {vorpal, rC+} (You found it on level 2 of the Swamp)
 59557 | Swamp:3  | Reached XP level 18. HP: 170/198 MP: 20/20
 59796 | Swamp:4  | Entered Level 4 of the Swamp
 60607 | Swamp:4  | Reached skill level 17 in Fighting
 61040 | Swamp:4  | Got a decaying rune of Zot
 61741 | Spider:1 | Entered Level 1 of the Spider Nest
 62598 | Spider:1 | Noticed Agnes
 62605 | Spider:1 | Killed Agnes
 63218 | Spider:1 | Reached skill level 5 in Spellcasting
 64508 | Spider:2 | Identified the +1 robe "Utwur" {Slay+2 SInv} (You found it
                  | on level 2 of the Spider Nest)
 65229 | Spider:3 | Reached skill level 18 in Fighting
 65918 | Spider:4 | Entered Level 4 of the Spider Nest
 66060 | Spider:3 | Reached XP level 19. HP: 211/211 MP: 23/23
 66527 | Spider:4 | Reached skill level 10 in Dodging
 67138 | Spider:4 | Reached skill level 1 in Throwing
 67897 | Spider:4 | Got a gossamer rune of Zot
 68202 | Vaults:1 | Entered Level 1 of the Vaults
 68481 | Vaults:1 | Found Jogrem's Gadget Boutique.
 68950 | Vaults:1 | Reached skill level 19 in Fighting
 69774 | Vaults:1 | Got a smoking bronze ring
 70186 | Vaults:2 | Noticed Xtahua
 70194 | Vaults:2 | Killed Xtahua
 70369 | Vaults:2 | Reached skill level 5 in Throwing
 71147 | Vaults:2 | Reached XP level 20. HP: 226/226 MP: 21/24
 71245 | Vaults:2 | Noticed Boris
 71258 | Vaults:2 | Killed Boris
 71484 | Vaults:2 | Found Diuk's Gadget Emporium.
 73965 | Vaults:3 | Reached skill level 20 in Fighting
 74068 | Vaults:3 | Noticed a lich
 74072 | Vaults:3 | Killed a lich
 74122 | Vaults:3 | Noticed a lich
 74138 | Vaults:3 | Killed a lich
 74446 | Vaults:3 | Found a staircase to the Crypt.
 74725 | Vaults:4 | Reached XP level 21. HP: 239/239 MP: 20/25
 74741 | Vaults:4 | Found a flickering gateway to a bazaar.
 74756 | Bazaar   | Entered a bazaar
 74760 | Bazaar   | Found Woxexzapp's Assorted Antiques.
 74770 | Bazaar   | Found Ochoon's Book Shop.
 74779 | Bazaar   | Found Utuupt's Antique Weapon Boutique.
 74824 | Bazaar   | Found Xouhemejysk's Gadget Shop.
 74857 | Bazaar   | Bought a book of the Dragon for 720 gold pieces
 74865 | Bazaar   | Learned a level 7 spell: Dragon Form
 74946 | Vaults:4 | Noticed Sojobo
 74984 | Vaults:4 | Killed Sojobo
 75437 | Vaults:4 | Noticed Donald
 75450 | Vaults:4 | Killed Donald
 77858 | Elf:1    | Entered Level 1 of the Elven Halls
 78056 | Elf:1    | Identified the ring "Kousutta" {Fire rPois MR- Str+8 Dex-3}
                  | (You found it on level 1 of the Vaults)
 78391 | Elf:1    | Reached skill level 21 in Fighting
 79034 | Elf:1    | Identified the +7 scimitar of Responsibility {freeze, rC+
                  | rN+ Int+5}
 79720 | Elf:1    | Identified the cursed +0 morningstar of Kotos {antimagic,
                  | +Rage rF++ MP+9}
 80316 | Elf:2    | Reached XP level 22. HP: 252/252 MP: 23/26
 80723 | Elf:2    | Found a runed translucent gate.
 80723 | Elf:2    | Found a runed translucent gate.
 80724 | Elf:2    | Found a runed translucent gate.
 80756 | Elf:2    | Gained mutation: You are dopey. (Int -2) [a neqoxec]
 81549 | Elf:3    | Entered Level 3 of the Elven Halls
 81609 | Elf:3    | Found Qethruv's Jewellery Emporium.
 81680 | Elf:3    | Learned a level 2 spell: Blink
 82336 | Elf:3    | Found a portal to a secret trove of treasure.
 82369 | Elf:3    | Found Laivaoj's General Store.
 82410 | Elf:3    | Found Pitoenu's Armour Boutique.
 82638 | Elf:3    | You paid a toll of +3 fire dragon scales to enter a
                  | treasure trove
 82639 | Trove    | Entered a treasure trove
 82643 | Trove    | Found the +3 robe of Folly {Archmagi, MR-- Int+5}
 82654 | Trove    | Identified the +1 hat of Protective Custody {Int+5 Stlth-}
                  | (You found it in a treasure trove)
 82670 | Trove    | Identified the +1 robe of Beiv {Harm Int+4} (You found it
                  | in a treasure trove)
 82677 | Trove    | Identified the cursed +0 cloak of Peizucyz {MR+ Str+3} (You
                  | found it in a treasure trove)
 82951 | Elf:3    | Identified the +4 spear "Paygh" {vorpal, *Noise rN+++ Int+9
                  | Stlth-}
 83168 | Elf:3    | Identified the cursed +0 leather armour "Lacab" {Dex+2}
 83168 | Elf:3    | Identified the ring "Hucvor" {Wiz rElec Int+4}
 83171 | Elf:3    | Identified the +6 ring mail of the Tortoise {Regen+ MP+9
                  | Int+4}
 83217 | Elf:3    | Got a pitted copper ring
 83218 | Elf:3    | Identified the ring of Vehumet's Inspiration {rC- MR+ Str+7
                  | Dex-2} (You found it on level 3 of the Elven Halls)
 83221 | Elf:3    | Identified the Catalogue of Damaging Slavery
 83307 | Elf:3    | Found the +7 captain's cutlass {speed, disarm}
 83974 | Depths:1 | Entered Level 1 of the Depths
 84511 | Depths:1 | Found a one-way gate to the infinite horrors of the Abyss.
 84512 | Depths:1 | Noticed Louise
 84520 | Depths:1 | Killed Louise
 84796 | Depths:1 | Found Zemihy's Antique Armour Shoppe.
 84801 | Depths:1 | Bought a glowing cloak for 262 gold pieces
 84918 | Depths:1 | Found the +4 robe of Augmentation {Str+4 Int+4 Dex+4}
 84933 | Depths:1 | Found a gateway to Hell.
 85656 | Depths:2 | Reached skill level 1 in Translocations
 85656 | Depths:2 | Reached XP level 23. HP: 262/262 MP: 20/27
 85728 | Depths:2 | Found Tytut's Distillery.
 85784 | Depths:2 | Found a blossoming altar of Fedhas.
 86124 | Depths:2 | Reached skill level 22 in Fighting
 87146 | Depths:3 | Found a one-way gate leading to the halls of Pandemonium.
 87527 | Depths:3 | Found a stormy altar of Qazlal.
 87678 | Depths:3 | Found a gateway to a ziggurat.
 88729 | Depths:3 | Reached skill level 23 in Fighting
 88744 | Depths:3 | Learned a level 5 spell: Borgnjor's Vile Clutch
 89175 | Depths:3 | Noticed a juggernaut
 89954 | Depths:4 | Noticed Boris
 90115 | Depths:4 | Killed Boris
 90139 | Depths:4 | Reached XP level 24. HP: 279/279 MP: 27/27
 90516 | Depths:4 | Reached skill level 1 in Necromancy
 91346 | Depths:5 | Entered Level 5 of the Depths
 91484 | Depths:5 | Reached skill level 24 in Fighting
 91577 | Depths:5 | Found a gate to the Realm of Zot.
 92000 | Depths:5 | Noticed a caustic shrike
 92002 | Depths:5 | Noticed a caustic shrike
 92002 | Depths:5 | Noticed a caustic shrike
 92003 | Depths:5 | Noticed a caustic shrike
 92004 | Depths:5 | Noticed Boris
 92297 | Depths:5 | Reached skill level 15 in Dodging
 92522 | Depths:4 | Killed Boris
 92823 | Depths:4 | Killed a caustic shrike
 93240 | Depths:4 | Killed a caustic shrike
 93275 | Depths:5 | Killed a caustic shrike
 93278 | Depths:5 | Killed a caustic shrike
 93393 | Depths:5 | Reached skill level 25 in Fighting
 94175 | Depths:5 | Identified a scroll of acquirement
 94176 | Depths:5 | Acquired 1014 gold pieces
 94702 | Orc:2    | Bought a book of the Earth for 845 gold pieces
 95028 | Vaults:5 | Entered Level 5 of the Vaults
 95028 | Vaults:5 | Noticed an ancient lich
 95042 | Vaults:5 | Killed an ancient lich
 95061 | Vaults:4 | Reached XP level 25. HP: 222/296 MP: 26/28
 95846 | Vaults:5 | Identified the +2 hand axe of Cruel Justice {venom, rN+}
 96380 | Vaults:5 | Identified the +3 plate armour of Tomecowi {Harm}
 96702 | Vaults:4 | Learned a level 9 spell: Shatter
 96898 | Vaults:5 | Identified the +4 spear "Ohethire" {pain, rF+ Str+2 Dex-2}
 96917 | Vaults:5 | Slain by an ettin

Illustrated notes

Levels and vault maps discovered:
D:1:      dpeg_arrival_shrine, layout_basic
D:2:      layout_basic, nicolae_dithmenos_through_a_glass_darkly,
          uniq_crazy_yiuf_cottage, uniq_jessica
D:3:      layout_loops_corners, nicolae_overflow_hidden_temple,
          gammafunk_ghost_arena, grunt_gozag_statues
D:4:      layout_basic, lemuel_doored_altar, serial_shops,
          nicolae_shop_behind_doors, uniq_natasha
D:5:      layout_basic, minmay_temple_entry_butterflies, basic_altar
D:6:      layout_cave_pools, kennysheep_mini, serial_gnoll_camp,
          gnoll_camp_mini_doghouse, gnoll_camp_mini_doghouse, grums_kennel,
          gnoll_camp_medium_02, gnoll_camp_mini_loothouse, gnoll_camp_huts_basic
D:7:      layout_loops_corners, serial_shops,
          nicolae_shop_temple_entry_statues_fountains,
          gup_ossuary_entry_pyramid, minmay_between, uniq_menkaure
D:8:      layout_gridville, st_stairs_8, chequers_jeans, serial_bayou_ford_a,
          trog_wizard
D:9:      layout_irregular_city, old_standard_altar, serial_bayou_lagoon_b
D:10:     layout_grid_maze, due_lair_maze_entry_diamond, erik_orc_1,
          muffindrake_ghost_dual_entry, serial_shops, shop
D:11:     minmay_the_grid_4x2 [minmay_the_grid_x, minmay_the_grid_gridbox,
          minmay_the_grid_broken_lines, minmay_the_grid_holed_spiral,
          minmay_the_grid_fan, minmay_the_grid_minigrid_small,
          minmay_the_grid_medium_cups, minmay_the_grid_prize_four_corners],
          layout_rooms, minmay_unpleasant_kobolds
D:12:     layout_gridville, grunt_decor_one_mirror
D:13:     layout_loops_ring, serial_shops, shop_fountains
D:14:     layout_loops_ring, lightli_vaults_fourway_checkpoint, tso_altar
D:15:     gammafunk_depths_entry_grave, layout_rooms, nicolae_sextant
Temple:   eino_temple_scatter_basement
Lair:1:   layout_gridlike, gauntlet_entry_generic, infiniplex_staircase_pool,
          serial_bayou_shore_a, uniq_maggie
Lair:2:   layout_gridlike, chequers_serial_rivers_small_a, grunt_megastairs_4,
          uniq_prince_ribbit2, uniq_gastronok
Lair:3:   layout_regular_city, minmay_swamp_entry_wisps, dummy_spider_entry,
          wad_woods_02, uniq_snorg
Lair:4:   layout_small_grid, minmay_shattered_shrine
Lair:5:   layout_regular_city
Lair:6:   minmay_lair_end_frog_pond, layout_regular_city,
          nicolae_slime_entry_slimehenge, grunt_forest_stairs_basic
Swamp:1:  layout_basic_swamp, hangedman_swamp_cone, swamp_pool5,
          nicolae_swamp_round_clearing, uniq_jorgrun
Swamp:2:  layout_basic_swamp, hangedman_swamp_lotus
Swamp:3:  layout_basic_swamp, serial_swamp_ruin, evilmike_swamp_ruin_house_5,
          evilmike_swamp_ruin_rubble_2, evilmike_swamp_ruin_house_3
Swamp:4:  swamp_alternative, layout_basic_swamp
Spider:1: layout_spider_delve, uniq_agnes
Spider:2: layout_spider_delve
Spider:3: layout_spider_delve
Spider:4: spider_rune_water
Orc:1:    layout_diamond_mine, enter_bailey_4, guppyfry_library_mini,
          uniq_harold, uniq_josephine
Orc:2:    st_orc_congregation, layout_caves, ebering_ghost_disaster_area,
          portal_ice_cave_entry_pillars_2, uniq_maurice
Elf:1:    minmay_elf_arrival_summoners, layout_loops_corners, evilmike_minifort,
          drop_trap
Elf:2:    layout_geoelf_diagonals
Elf:3:    elf_hall_gauntlet_wide, layout_geoelf_diagonals, serial_shops,
          shop_statue, shop, shop, nicolae_trove_entry_free_sample
Vaults:1: ontoclasm_vaults_ring_small, nicolae_vaults_asterisk,
          vaults_room_fancy_cross, st_cells, vaults_mumra_lcd,
          layout_vaults_chaotic_city, serial_shops,
          nicolae_shop_competitors_out_of_business
Vaults:2: v_misc_30, v_misc_10, vaults_mumra_minichess, dpeg_vaults_monster_box,
          v_misc_26, grunt_vaults_twisty, st_smaller_cells,
          nicolae_vaults_little_ls, hangedman_vaults_stretched_pinwheel,
          nicolae_vaults_angled_halls, layout_vaults_ring, serial_shops, shop,
          uniq_xtahua, uniq_boris
Vaults:3: nicolae_vaults_mini_display_case, hangedman_vaults_nails,
          minmay_crypt_entry_simple_sparse, vaults_mumra_hex, v_misc_5,
          v_misc_31, nicolae_vaults_yaktaur_gun_rack,
          nicolae_vaults_specimen_jars, vaults_dpeg_ring, vaults_dpeg_hooks,
          vaults_dpeg_encased_lava, layout_vaults_big_cross
Vaults:4: v_alt_pattern_6, nicolae_vaults_network_quinsquares
          [nicolae_vaults_network_quincunx_subvault,
          nicolae_vaults_network_quincunx_subvault,
          nicolae_vaults_network_quincunx_subvault,
          nicolae_vaults_network_quincunx_subvault],
          nicolae_vaults_three_branches, nicolae_vaults_network_star,
          vaults_dpeg_diagonal, v_misc_5, ontoclasm_vaults_eye,
          layout_vaults_omnigrid, serial_shops, bzr_entry_customers,
          uniq_margery, uniq_donald, uniq_sojobo
Vaults:5
Depths:1: layout_cave_pools, nicolae_abyss_entry_one_way_or_another,
          serial_shops, kennysheep_little_box, moated_statue, lightli_too_deep,
          minmay_door_square, kennysheep_generic_room_10
Depths:2: minmay_open_boxes_in_corner, layout_cave_pools, special_room
          [special_room_mythical_zoo], hangedman_coc_ice_floe, serial_shops,
          shop, minmay_misc_feat_tower, lemuel_statue_altar
Depths:3: kennysheep_demon_jail, layout_gridlike, enter_ziggurat_b,
          lemuel_round_altar, grunt_pan_entry_spiral, hellmouth_1,
          hangedman_cracks_in_the_wall, grunt_megastairs_2,
          infiniplex_staircase_zigzag_1, serial_bayou_shore_b
Depths:4: evilmike_lava_path, layout_cave_pools, hangedman_geh_valley,
          minmay_misc_feat_alley, pan_entry, abyss_entry_crystal
Depths:5: grunt_x_marks_the_spot, layout_cave_pools,
          minmay_misc_feat_four_crosses, hell_entry, minmay_misc_feat_iff,
          serial_sigils_hangedman_writhe

Skill      XL: |  1  2  3  4  5  6  7  8  9 10 11 12 13 14 15 16 17 18 19 20 21 22 23 24 25 |
---------------+----------------------------------------------------------------------------+-----
Maces & Flails | 2 3 4 5 6 8 9 11 12 13 14 15 16 17 18 19 20 22 | 22.0
Fighting       | 5 6 7 8 10 11 13 15 16 18 19 20 21 23 25 | 25.9
Dodging        | 3 4 5 6 7 8 9 11 12 13 14 15 16 | 16.2
Earth Magic    | 4 7 9 10 12 13 14 | 14.2
Transmutations | 4 7 9 10 11 12 13 14 | 14.0
Spellcasting   | 3 5 7 |  7.5
Throwing       | 5 6 |  6.8
Translocations | 1 2 |  2.0
Necromancy     | 3 |  3.0
Shields        | |  2.6

Action                   |  1- 3 |  4- 6 |  7- 9 | 10-12 | 13-15 | 16-18 | 19-21 | 22-24 | 25-27 || total
-------------------------+-------+-------+-------+-------+-------+-------+-------+-------+-------++-------
Melee: Flail             |    84 |    37 |       |       |       |       |       |       |       ||   121
       Dagger            |       |   157 |   616 |   978 |   635 |       |       |       |       ||  2386
       Giant spiked club |       |       |       |       |   617 |  1536 |  1098 |   919 |   175 ||  4345
Throw: Dart              |       |     4 |    18 |    75 |    53 |       |    18 |       |       ||   168
       Throwing net      |       |       |       |     6 |     3 |       |       |       |       ||     9
       Javelin           |       |       |       |       |     6 |       |       |       |       ||     6
       Large rock        |       |       |       |       |       |    29 |     6 |    43 |     2 ||    80
 Cast: Statue Form       |       |       |       |       |       |    14 |    64 |    71 |    10 ||   159
       Borgnjor's Vile C |       |       |       |       |       |       |       |     5 |       ||     5
Invok: Sacrifice Resista |       |       |     1 |       |       |       |       |       |       ||     1
       Sacrifice Love    |       |       |     1 |       |       |       |       |       |       ||     1
       Sacrifice Artific |       |       |       |     1 |       |       |       |       |       ||     1
       Apocalypse        |       |       |       |     6 |     4 |     3 |     3 |     2 |     2 ||    20
       Draw Out Power    |       |       |       |     1 |       |     1 |       |       |       ||     2
       Sacrifice Essence |       |       |       |     1 |       |       |       |       |       ||     1
       Sacrifice Stealth |       |       |       |     1 |       |       |       |       |       ||     1
       Power Leap        |       |       |       |       |     1 |       |       |       |       ||     1
 Abil: End Transformatio |       |       |       |       |       |       |       |     1 |       ||     1
  Use: Scroll            |       |       |     4 |    18 |    15 |    16 |     6 |    21 |     2 ||    82
       Potion            |       |       |     1 |     1 |     6 |     4 |     2 |     2 |     1 ||    17
 Stab: Sleeping          |       |     2 |     1 |       |       |       |       |       |       ||     3
       Paralysed         |       |       |       |    21 |    36 |    27 |    19 |     6 |     3 ||   112
       Invisible         |       |       |       |     4 |     9 |    14 |     5 |    10 |     2 ||    44
       Distracted        |       |       |       |       |     1 |     9 |     4 |     4 |     2 ||    20
Armor: Robe              |    32 |    49 |    74 |    69 |       |    36 |    75 |    29 |     1 ||   365
       Steam dragon scal |       |       |       |    35 |   306 |   111 |       |       |       ||   452
       Acid dragon scale |       |       |       |       |       |   311 |       |       |       ||   311
       Skin              |       |       |       |       |       |   391 |   665 |   444 |   128 ||  1628
Dodge: Dodged            |    22 |    55 |   161 |   263 |   531 |  1112 |   840 |   608 |   187 ||  3779
Block: Kite shield       |    44 |    75 |   381 |   541 |   452 |       |       |       |       ||  1493
       Reflection        |       |     3 |    12 |    21 |    15 |     9 |    27 |    28 |     3 ||   118
       Other             |       |       |       |       |   110 |   396 |   276 |   171 |    57 ||  1010

Table legend: (Time is in decaauts)
 A = Elapsed time spent in this place.
 B = Non-inter-level travel time spent in this place.
 C = Inter-level travel time spent in this place.
 D = Time resting spent in this place.
 E = Time spent auto-exploring this place.
 F = Levels seen in this place.
 G = Mean time per level.
                   A        B        C        D        E       F      G
               +--------+--------+--------+--------+--------+-----+--------+
         Total | 100657 |  96286 |   4371 |  43193 |  29386 |  51 | 1973.7 |
       Dungeon |  28848 |  26979 |   1869 |   9981 |  12122 |  15 | 1923.2 |
        Temple |     21 |     13 |      8 |      0 |      3 |   1 |   21.0 |
          Lair |  19179 |  18501 |    678 |  11060 |   3727 |   6 | 3196.5 |
         Swamp |   8331 |   8062 |    269 |   4199 |   2001 |   4 | 2082.8 |
   Spider Nest |   6509 |   6350 |    159 |   3422 |    788 |   4 | 1627.2 |
  Orcish Mines |   4338 |   3941 |    397 |   1562 |    614 |   2 | 2169.0 |
   Elven Halls |   5998 |   5572 |    426 |   2243 |   1130 |   3 | 1999.3 |
        Vaults |  12314 |  12068 |    246 |   4540 |   4217 |   5 | 2462.8 |
        Depths |  11552 |  11236 |    316 |   4450 |   4299 |   5 | 2310.4 |
        Bazaar |    115 |    115 |      0 |      0 |     60 |   1 |  115.0 |
         Trove |    205 |    205 |      0 |     99 |      0 |   1 |  205.0 |
       Ossuary |    432 |    432 |      0 |      0 |    107 |   1 |  432.0 |
        Bailey |    469 |    469 |      0 |     65 |    249 |   1 |  469.0 |
      Ice Cave |   1692 |   1692 |      0 |   1163 |     66 |   1 | 1692.0 |
      Gauntlet |    645 |    645 |      0 |    406 |      0 |   1 |  645.0 |
               +--------+--------+--------+--------+--------+-----+--------+

Top non-repeatable levels by time:
  Lair:1: 5511 daAuts
Vaults:4: 4619 daAuts
     D:9: 3881 daAuts
    D:10: 3660 daAuts
Depths:3: 3565 daAuts
  Lair:5: 3547 daAuts
  Lair:3: 3266 daAuts
  Lair:2: 3152 daAuts
     D:6: 3076 daAuts
   Orc:2: 3035 daAuts
Vaults:2: 2650 daAuts
Depths:4: 2564 daAuts
Vaults:3: 2532 daAuts
     D:5: 2501 daAuts
Spider:1: 2436 daAuts
